 Dungeon Crawl Stone Soup version 0.23.0 (webtiles) character file.

Game seed: 14475850262008962563

1001 1994 the Ruffian (level 8, -3/78 HPs)
             Began as an Ogre Transmuter on Feb 18, 2019.
             Was an Initiate of Cheibriados.
             Slain by Blork the orc
             ... wielding a +0 halberd
              (21 damage)
             ... on level 6 of the Dungeon.
             The game lasted 00:31:42 (5686 turns).

1994 the Ruffian (Ogre Transmuter)                  Turns: 5686, Time: 00:31:42

Health: -3/78      AC:  2    Str: 16    XL:     8   Next: 20%
Magic:  12/14      EV: 22    Int: 21    God:    Cheibriados [......]
Gold:   193        SH:  0    Dex: 16    Spells: 0/15 levels left

rFire    . . .     SeeInvis .     - Unarmed
rCold    . . .     Gourm    .   (shield currently unavailable)
rNeg     . . .     Faith    .   (armour currently unavailable)
rPois    x         Spirit   .   (helmet currently unavailable)
rElec    .         Reflect  .   (cloak currently unavailable)
rCorr    .         Harm     .   (gloves unavailable)
MR       .....                  (boots unavailable)
Stlth    ++........             (no amulet)
HPRegen  0.23/turn              (no ring)
MPRegen  0.14/turn              (no ring)

@: brilliant, lethally poisoned (-3 -> -11), spider-form (expiring), very slow
A: tiny, unfitting armour
a: End Transformation, Bend Time, Renounce Religion


You were on level 6 of the Dungeon.
You worshipped Cheibriados.
Cheibriados was noncommittal.
You were not hungry.
You were a venomous arachnid creature.
You visited 2 branches of the dungeon, and saw 6 of its levels.

You collected 207 gold pieces.
You spent 14 gold pieces at shops.

Inventory:

Missiles
 a - 139 arrows
 p - 2 javelins (quivered)
 z - 2 tomahawks
 B - 2 large rocks
Armour
 b - a +0 robe (melded)
 s - a +0 cloak (melded)
Jewellery
 f - a cursed ring of attention {unknown}
 u - an uncursed ring of protection from magic {unknown}
Wands
 n - a wand of random effects (12)
 t - a wand of flame (20)
Scrolls
 e - a scroll of fog {unknown}
 g - a scroll of blinking {unknown}
 k - 2 scrolls of teleportation {unknown}
 l - 3 scrolls of identify {unknown}
 q - a scroll of fear {unknown}
 w - a scroll of amnesia {unknown}
 y - 2 scrolls of remove curse {unknown}
 C - a scroll of magic mapping {unknown}
Potions
 c - a potion of magic {unknown}
 h - a potion of berserk rage {unknown}
 i - 3 potions of degeneration
 j - a potion of ambrosia {unknown}
 m - a potion of lignification {unknown}
 o - a potion of haste
 r - a potion of brilliance
 v - a potion of mutation {unknown}
 x - 2 potions of might
 A - a potion of heal wounds {unknown}
Comestibles
 d - 6 rations


   Skills:
 + Level 4.2 Fighting
 - Level 1.0 Throwing
 * Level 4.1 Dodging
 - Level 1.5 Stealth
 * Level 4.7 Unarmed Combat
 + Level 4.3 Spellcasting
 * Level 4.3 Transmutations
 + Level 1.1 Invocations


You couldn't memorise any spells.
You knew the following spells:

 Your Spells              Type           Power        Failure   Level  Hunger
a - Beastly Appendage     Tmut           #####.       1%          1    None
b - Sticks to Snakes      Tmut           #####...     1%          2    #......
c - Spider Form           Tmut/Pois      ####......   4%          3    ##.....
d - Ice Form              Ice/Tmut       ####....     10%         4    ####...
e - Blade Hands           Tmut           #####.....   12%         5    ######.

Your spell library contained the following spells:

 Spells                   Type           Power        Failure   Level  Hunger


Dungeon Overview and Level Annotations

Branches:
Dungeon (4/15)             Temple (1/1) D:4

Altars:
Cheibriados
Dithmenos
Elyvilon
Gozag
Hepliaklqana
Kikubaaqudgha
Makhleb
Nemelex Xobeh
Okawaru
Ru
Sif Muna
Trog
Vehumet
The Shining One

Shops:
D:6 *!

Annotations:
D:6 Blork the orc


Innate Abilities, Weirdness & Mutations

You are too large for most types of armour.
((You have tough skin. (AC +1)))


Message History

Blork the orc mumbles some strange words.
Blork the orc seems to speed up.
The worker ant barely misses you.
You bite the worker ant!
You kill the worker ant!
Cheibriados appreciates the change of pace.
Training target 1.0 for Throwing reached!
Your Throwing skill increases to level 1!
You feel sick. Blork the orc closely misses you.
You feel sick. Blork the orc barely misses you.
Blork the orc points at you and mumbles some strange words.
The magic dart hits you.
* * * LOW HITPOINT WARNING * * *
It was a potion of brilliance.
You feel clever all of a sudden.
You feel sick. Blork the orc closely misses you.
You bite Blork the orc!
Blork the orc is poisoned.
Blork the orc is heavily wounded.
You feel sick. Blork the orc misses you.
Blork the orc hits you with a +0 halberd!!
You die...

#.# #.# #.# #.# #.#
#.# #.# #.# #o# #.#
#s# #.# #.# #.# #
##.###.# #.. #
#....#.# ##...#
#..###>##...#####...#
#.⌠.⌠.####...#...#
##. ...!..∩..#
###...#####...
.....⌠.⌠##
###...#...# .###a....
#####...####


You could see Blork the orc.

Vanquished Creatures
  A black bear (D:6)
  A bullfrog (D:6)
  A howler monkey (D:4)
  5 orc priests
  3 hounds
  A centaur skeleton (D:4)
  7 orc wizards
  Ijyb (D:3)
  An iguana (D:4)
  Natasha (thrice) (D:3)
  2 worker ants (D:6)
  5 adders
  An ooze (D:2)
  2 worms
  A dart slug (D:3)
  2 leopard geckos
  19 orcs
  4 bats
  11 giant cockroaches
  8 goblins
  5 hobgoblins
  7 jackals
  10 kobolds
  2 quokkas
  7 frilled lizards
  A leopard gecko zombie (D:6)
  9 rats
120 creatures vanquished.

Vanquished Creatures (collateral kills)
  An adder (D:2)
1 creature vanquished.

Grand Total: 121 creatures vanquished

Notes
Turn   | Place    | Note
-------+----------+-------------------------------------------
     0 | D:1      | 1994 the Ogre Transmuter began the quest for the Orb.
     0 | D:1      | Reached XP level 1. HP: 19/19 MP: 3/3
   726 | D:1      | Reached XP level 2. HP: 27/28 MP: 5/5
   942 | D:1      | Learned a level 2 spell: Sticks to Snakes
  1148 | D:2      | Reached XP level 3. HP: 30/35 MP: 5/7
  1205 | D:2      | Learned a level 3 spell: Spider Form
  1927 | D:2      | Reached XP level 4. HP: 42/44 MP: 6/8
  2561 | D:3      | Found a glowing golden altar of the Shining One.
  2630 | D:3      | Reached XP level 5. HP: 40/50 MP: 5/9
  3022 | D:3      | Learned a level 4 spell: Ice Form
  3066 | D:3      | Noticed Ijyb
  3077 | D:3      | Killed Ijyb
  3140 | D:3      | Reached XP level 6. HP: 60/61 MP: 9/11
  3146 | D:3      | Noticed Natasha
  3153 | D:3      | Killed Natasha
  3153 | D:3      | Reached skill level 1 in Stealth
  3187 | D:3      | Noticed Natasha
  3210 | D:3      | Killed Natasha
  3790 | D:3      | Noticed Natasha
  3817 | D:3      | Killed Natasha
  4355 | D:3      | Reached XP level 7. HP: 27/67 MP: 9/12
  4877 | D:4      | Found a sacrificial altar of Ru.
  4995 | D:4      | Found a staircase to the Ecumenical Temple.
  5004 | Temple   | Entered the Ecumenical Temple
  5049 | Temple   | Became a worshipper of Cheibriados the Contemplative
  5080 | D:4      | Found a hazy altar of Hepliaklqana.
  5292 | D:4      | You fall through a shaft for 2 floors!
  5292 | D:6      | Found a sparkling altar of Nemelex Xobeh.
  5378 | D:6      | Reached skill level 1 in Invocations
  5378 | D:6      | Reached XP level 8. HP: 45/78 MP: 12/14
  5600 | D:6      | Learned a level 5 spell: Blade Hands
  5632 | D:6      | Found Ynuteg's Distillery.
  5646 | D:6      | Bought a potion of degeneration for 14 gold pieces
  5669 | D:6      | Found Kaip Zupn's Assorted Antiques.
  5675 | D:6      | Noticed Blork the orc
  5683 | D:6      | Reached skill level 1 in Throwing
  5686 | D:6      | Slain by Blork the orc

Skill      XL: |  1  2  3  4  5  6  7  8 |
---------------+-------------------------+-----
Transmutations | 2 3 4 |  4.3
Dodging        | 2 3 4 |  4.1
Fighting       | 2 3 4 |  4.2
Unarmed Combat | 3 4 |  4.7
Spellcasting   | 3 4 |  4.3
Stealth        | 1 |  1.5
Invocations    | 1 |  1.1
Throwing       | 1 |  1.0

Action                   |  1- 3 |  4- 6 |  7- 9 || total
-------------------------+-------+-------+-------++-------
Melee: Unarmed           |   117 |   287 |   120 ||   524
       Headbutt          |     5 |     2 |     2 ||     9
       Kick              |     4 |    18 |     4 ||    26
       Punch             |       |     2 |     2 ||     4
 Cast: Beastly Appendage |    16 |    20 |     2 ||    38
       Sticks to Snakes  |     1 |       |       ||     1
       Spider Form       |       |     9 |     8 ||    17
 Abil: End Transformatio |       |     1 |       ||     1
  Use: Potion            |       |       |     1 ||     1
 Stab: Sleeping          |       |     1 |     1 ||     2
  Eat: Chunk             |     3 |    10 |     5 ||    18
Armor: Robe              |    29 |    49 |    10 ||    88
       Skin              |       |     2 |     3 ||     5
Dodge: Dodged            |    62 |   184 |   134 ||   380
